Cogmind - Beta 13 X1 @@@ ROGUE MODE // 2023.07.10 @ 15:22:06 Player: WayneKnight Result: Self-destructed Performance ------------- Evolutions (2) 1000 Regions Visited (5) 1000 Robots Destroyed (58) 290 Value Destroyed (1566) 1566 Prototype IDs (5) 100 Alien Tech Used (0) 0 Bonus (-32) -32 TOTAL SCORE: 3924 Bonus ------- High Alert Combat Kills 53 Follower Combat Kills 39 Friendly Fire -124 Cogmind --------- Core Integrity 71/550 Matter 300/300 Energy 100/100 System Corruption 0% Temperature Cool (0) Movement Core (400) Ox7 Location -8/Materials Parts ------- > --- POWER (1) -------- (None) > --- PROPULSION (3) --- (None) > --- UTILITY (5) ------ Large Storage Unit Improved Targeting Computer Hacking Suite > --- WEAPON (2) ------- Scythe > --- INVENTORY (15) --- Signal Interpreter Improved Signal Interpreter Light Armor Plating Heavy EM Shotgun Medium Laser Field Laser Heavy Ion Cannon Heavy Ion Cannon Shotgun Advanced EMP Blaster Grenade Launcher Peak State ------------ > --- POWER ------------ Improved Ion Engine > --- PROPULSION ------- Light Treads Aluminum Leg Aluminum Leg > --- UTILITY ---------- Improved Heat Sink Large Storage Unit Improved Targeting Computer Hacking Suite Hacking Suite > --- WEAPON ----------- Heavy EM Shotgun Shotgun > --- INVENTORY -------- Improved Ion Engine Signal Interpreter Improved Signal Interpreter Medium Laser Field Laser Heavy Ion Cannon Heavy Ion Cannon Heavy Assault Rifle Advanced EMP Blaster Grenade Launcher Scythe Scythe [Rating: 26] Favorites ----------- Power Ion Engine Engine Ion Engine Propulsion Light Treads Treads Light Treads Leg Aluminum Leg Flight Unit Flight Unit Utility Light Armor Plating Device Improved Heat Sink Storage Small Storage Unit Processor Improved Targeting Computer Hackware Hacking Suite Protection Light Armor Plating Weapon Assault Rifle Energy Gun Field Laser Energy Cannon Heavy Ion Cannon Ballistic Gun Assault Rifle Launcher Advanced EMP Blaster Slashing Weapon Scythe Build | -11 -10 -10 -10 -9 -8 ------- Run | Jun Mat Min Exi Min Mat Slots Evolved 4 | . . . . . 4 Power . | . . . . . . Propulsion 1 | . . . . . 1 Utility 3 | . . . . . 3 Weapon . | . . . . . . Parts Attached 50 | 3 11 . . 1 35 Power 3 | . 1 . . . 2 Engine 3 | . 1 . . . 2 Core . | . . . . . . Reactor . | . . . . . . Propulsion 11 | 2 . . . . 9 Treads 5 | 2 . . . . 3 Leg 5 | . . . . . 5 Wheel . | . . . . . . Hover . | . . . . . . Flight 1 | . . . . . 1 Utility 10 | . 3 . . 1 6 Device 1 | . . . . . 1 Storage 2 | . . . . 1 1 Processor 2 | . 1 . . . 1 Hackware 2 | . . . . . 2 Protection 3 | . 2 . . . 1 Artifact . | . . . . . . Weapon 26 | 1 7 . . . 18 Energy Gun 4 | . . . . . 4 Energy Cannon 2 | . . . . . 2 Ballistic Gun 13 | 1 5 . . . 7 Ballistic Cannon . | . . . . . . Launcher 1 | . . . . . 1 Special Weapon . | . . . . . . Impact Weapon . | . . . . . . Slashing Weapon 6 | . 2 . . . 4 Piercing Weapon . | . . . . . . Special Melee Weapon . | . . . . . . Unidentified Prototypes 2 | . . . . . 2 Parts Lost 19 | . . . . . 19 Power 2 | . . . . . 2 Propulsion 8 | . . . . . 8 Utility 4 | . . . . . 4 Weapon 5 | . . . . . 5 Highest Loss Streak 6 | . . . . . 6 To Critical Strikes 1 | . . . . . 1 Average Slot Usage (%) 95 | . 99 100 100 100 88 Engine 12 | . 14 14 14 14 8 Treads 23 | . 28 28 28 28 16 Leg 3 | . . . . . 8 Storage 12 | . 14 14 14 14 9 Processor 1 | . . . . . 2 Hackware 4 | . . . . . 11 Protection 12 | . 13 14 14 14 11 Energy Gun 1 | . . . . . 2 Energy Cannon 1 | . . . . . 2 Ballistic Gun 21 | . 27 28 28 28 10 Naked Turns . | . . . . . . Heaviest Build 35 | 14 17 17 17 22 35 Greatest Support 60 | 40 40 40 40 40 60 Greatest Overweight (x) 7 | . . . . . 7 Average Overweight (x) . | . . . . . . Largest Inventory Capacity 15 | 8 8 8 8 10 15 Average Capacity 9 | 8 8 8 8 9 11 Most Carried 15 | 6 8 8 8 8 15 Average Carried 8 | 6 7 8 8 8 8 Final Capacity 15 | 8 8 8 8 10 15 Final Carried 11 | 6 8 8 8 8 11 Class Distribution -------------------- 90% | Mutant 4% | Hacker-Mutant 4% | Scavenger-Mutant Dominant Class ---------------- Mutant | -10/Materials Mutant | -10/Mines Mutant | -10/Exiles Mutant | -9/Mines Mutant | -8/Materials Resources | -11 -10 -10 -10 -9 -8 ----------- Run | Jun Mat Min Exi Min Mat Matter Collected 1444 | 230 314 66 . 178 656 Remotely . | . . . . . . Salvage Created 1911 | . 340 . . 326 1245 Parts 119 | . 35 . . 23 61 Haulers Intercepted 2 | . 1 . . . 1 Recyclers Shooed 4 | . 2 . . . 2 Parts Field Recycled . | . . . . . . Retrieved Matter . | . . . . . . Parts Self-Destructed . | . . . . . . Prevented . | . . . . . . Kills | -11 -10 -10 -10 -9 -8 ------- Run | Jun Mat Min Exi Min Mat Combat Hostiles Destroyed 45 | . 8 . . 11 26 Melee 12 | . . . . . 12 Guns 29 | . 8 . . 11 10 Cannons 4 | . . . . . 4 Classes Destroyed 10 | . 7 . . . 3 Worker 2 | . 1 . . 1 . Builder 2 | . 1 . . . 1 Tunneler 2 | . 1 . . 1 . Hauler 2 | . 1 . . . 1 Watcher 4 | . 3 . . . 1 Swarmer 17 | . 6 . . 7 4 Grunt 23 | . 2 . . 5 16 Duelist 1 | . . . . . 1 Sentry 4 | . . . . . 4 Hunter 1 | . . . . . 1 Best Kill Streak 5 | . 5 . . 5 4 Combat Bots Only 4 | . 4 . . 4 4 Max Kills in Single Turn 2 | . 2 . . 1 1 Gunslinging . | . . . . . . Exploded . | . . . . . . Melee 1 | . . . . . 1 Uniques/NPCs Destroyed . | . . . . . . Combat | -11 -10 -10 -10 -9 -8 -------- Run | Jun Mat Min Exi Min Mat Damage Taken 2870 | . 335 10 . 271 2254 Core 543 | . 37 . . 27 479 Absorbed by Shields . | . . . . . . Regen/Repaired (Parts) 106 | . 46 . . . 60 Core Remaining (%) 87 | 100 . . . 74 . Volleys Fired 164 | . 42 3 . 28 91 Largest 2 | . 2 2 . 2 2 Hottest 128 | . 40 40 . 40 128 Shots Fired 328 | . 84 6 . 56 182 Gun 297 | . 84 6 . 56 151 Cannon 31 | . . . . . 31 Launcher . | . . . . . . Special . | . . . . . . Kinetic 269 | . 84 6 . 56 123 Thermal 56 | . . . . . 56 Explosive . | . . . . . . Electromagnetic 3 | . . . . . 3 Robot Hit Streak 34 | . 5 5 . 9 34 Robot Miss Streak 6 | . 4 2 . 6 3 Penetration Max . | . . . . . . Secondary Targets 1 | . 1 . . . . Max Gunslinging Chain 1 | . 1 . . . . Shots Hit Robots 244 | . 48 2 . 31 163 Core Hits 91 | . 17 2 . 17 55 Critical Kills 1 | . . . . . 1 Critical Parts Destroyed . | . . . . . . Critical Strikes 3 | . . . . . 3 Destroy 1 | . . . . . 1 Sever 2 | . . . . . 2 Melee Attacks 49 | . 6 . . . 43 Impact . | . . . . . . Slashing 49 | . 6 . . . 43 Piercing . | . . . . . . Sneak Attacks 2 | . . . . . 2 Combat Hostiles . | . . . . . . Follow-up Attacks 6 | . . . . . 6 Damage Inflicted 4491 | . 683 32 . 467 3309 Guns 2812 | . 680 32 . 438 1662 Cannons 596 | . . . . . 596 Explosions . | . . . . . . Melee 1037 | . . . . . 1037 Ramming 46 | . 3 . . 29 14 Kinetic 2472 | . 680 32 . 438 1322 Thermal 882 | . . . . . 882 Explosive . | . . . . . . Electromagnetic 54 | . . . . . 54 Impact . | . . . . . . Slashing 1037 | . . . . . 1037 Piercing . | . . . . . . Highest Corruption . | . . . . . . Average Corruption . | . . . . . . Corruption Purged . | . . . . . . Corruption Blocked . | . . . . . . Overload Shots . | . . . . . . Overflow Damage 102 | . . . . . 102 Projectiles 19 | . . . . . 19 Explosions . | . . . . . . Melee 83 | . . . . . 83 Knockbacks 1 | . . . . 1 . Impact 1 | . . . . 1 . Kinetic . | . . . . . . Secondary . | . . . . . . Self-Inflicted Damage . | . . . . . . Shots . | . . . . . . Rammed 8 | . . . . 7 1 Targets Rammed 13 | . 1 . . 8 4 Kicked 3 | . . . . . 3 Crushed 2 | . 1 . . 1 . Highest Temperature 218 | . 6 . . 5 218 Average Temperature 75 | . 3 . . 2 83 Received Heat Transfer 1143 | . 54 . . 54 1035 Siege Activations . | . . . . . . Robots Corrupted . | . . . . . . Combat Hostiles . | . . . . . . Parts Fried . | . . . . . . Impact Corruptions . | . . . . . . Robots Melted . | . . . . . . Combat Hostiles . | . . . . . . Parts Melted 2 | . . . . . 2 Heat Transferred 1443 | . . . . . 1443 Parts Sabotaged . | . . . . . . Parts Stolen . | . . . . . . Parts Stripped . | . . . . . . Power Chain Reactions . | . . . . . . Missiles Intercepted . | . . . . . . Alert | -11 -10 -10 -10 -9 -8 ------- Run | Jun Mat Min Exi Min Mat Peak Influence 522 | . 137 2 . 120 522 Initial 2 | . . 2 . . . Average 50 | . 43 . . 44 86 Maximum Alert Level 2 | . . . . . 2 Low Security (%) 94 | 100 100 100 . 100 84 Level 1 4 | . . . . . 11 Level 2 1 | . . . . . 4 Level 3 . | . . . . . . Level 4 . | . . . . . . Level 5 . | . . . . . . High Security . | . . . . . . Max Security . | . . . . . . Squads Dispatched 3 | . 1 . . . 2 Investigation . | . . . . . . Extermination . | . . . . . . Reinforcement 3 | . 1 . . . 2 Assault . | . . . . . . Garrison . | . . . . . . Intercept . | . . . . . . Searches Triggered . | . . . . . . Construction Impeded . | . . . . . . Haulers Reinforced . | . . . . . . Active Scanning Responses . | . . . . . . Cargo Convoy Interrupts . | . . . . . . Stealth | -11 -10 -10 -10 -9 -8 --------- Run | Jun Mat Min Exi Min Mat Distress Signals 4 | . 1 2 . . 1 Communications Jammed . | . . . . . . Distress Signals . | . . . . . . Times Spotted 86 | . 16 3 . 15 52 Peak Tracking Total 5 | . 3 3 . 4 5 Tactical Retreats 5 | . . 1 . . 4 Traps | -11 -10 -10 -10 -9 -8 ------- Run | Jun Mat Min Exi Min Mat Traps Triggered . | . . . . . . Indirectly . | . . . . . . Trap Hack Attempts . | . . . . . . Triggered . | . . . . . . Disarmed . | . . . . . . Reprogrammed . | . . . . . . Reused . | . . . . . . Traps Extracted . | . . . . . . Installed . | . . . . . . Triggered . | . . . . . . Machines | -11 -10 -10 -10 -9 -8 ---------- Run | Jun Mat Min Exi Min Mat Machines Disabled 1 | . . . . . 1 Max in Single Turn 1 | . . . . . 1 Machines Repaired . | . . . . . . Machines Sabotaged . | . . . . . . Overloaded Fab Kills . | . . . . . . Hacking | -11 -10 -10 -10 -9 -8 --------- Run | Jun Mat Min Exi Min Mat Machines Accessed 14 | . 10 . 1 . 3 Terminals 9 | . 7 . . . 2 Fabricators . | . . . . . . Repair Stations 2 | . 1 . . . 1 Recycling Units 2 | . 2 . . . . Scanalyzers . | . . . . . . Garrison Access . | . . . . . . Total Hacks 44 | . 35 . 1 . 8 Successful 30 | . 24 . 1 . 5 Failed 14 | . 11 . . . 3 Catastrophic 1 | . . . . . 1 Database Lockouts . | . . . . . . Manual 25 | . 19 . . . 6 Terminals 35 | . 29 . . . 6 Fabricators . | . . . . . . Repair Stations 5 | . 3 . . . 2 Recycling Units 3 | . 3 . . . . Scanalyzers . | . . . . . . Garrison Access . | . . . . . . Terminal Hacks 11 | . 10 . 1 . . Record 2 | . 1 . 1 . . Robot Analysis 2 | . 2 . . . . Prototype ID Bank 3 | . 3 . . . . Locate Traps 3 | . 3 . . . . Hauler Manifests 1 | . 1 . . . . Fabricator Hacks . | . . . . . . Repair Station Hacks 4 | . 2 . . . 2 Scan Component 2 | . 1 . . . 1 Repair 2 | . 1 . . . 1 Recycling Unit Hacks 3 | . 3 . . . . Report Inventory 2 | . 2 . . . . Retrieve Components 1 | . 1 . . . . Scanalyzer . | . . . . . . Garrison Access Hacks . | . . . . . . Unauthorized Hacks 12 | . 9 . . . 3 Terminals 12 | . 9 . . . 3 Track 4 | . 3 . . . 1 Assimilate 3 | . 3 . . . . Botnet 4 | . 2 . . . 2 Operators 1 | . 1 . . . . Fabricators . | . . . . . . Repair Stations . | . . . . . . Recycling Units . | . . . . . . Scanalyzers . | . . . . . . Garrison Access . | . . . . . . Data Cores Recovered . | . . . . . . Used . | . . . . . . Hacking Detections 12 | . 9 . . . 3 Full Trace Events . | . . . . . . Feedback Events . | . . . . . . Feedback Blocked . | . . . . . . Robot Schematics Acquired . | . . . . . . Robots Built . | . . . . . . Authchips . | . . . . . . Time . | . . . . . . Total Robot Build Rating . | . . . . . . Part Schematics Acquired . | . . . . . . Parts Built . | . . . . . . Authchips . | . . . . . . Time . | . . . . . . Total Part Build Rating . | . . . . . . Parts Repaired 2 | . 1 . . . 1 Time 52 | . 26 . . . 26 Parts Recycled . | . . . . . . Recycled Matter . | . . . . . . Retrieved Matter . | . . . . . . Retrieved Components 4 | . 4 . . . . Parts Scanalyzed . | . . . . . . Part Schematics Acquired . | . . . . . . Parts Damaged . | . . . . . . Bothacking | -11 -10 -10 -10 -9 -8 ------------ Run | Jun Mat Min Exi Min Mat Used RIF Installer . | . . . . . . Robots Hacked . | . . . . . . Non-combat . | . . . . . . Combat . | . . . . . . Robot Hacks Applied . | . . . . . . Relay Couplers Released . | . . . . . . Fabnet Peak Effective % . | . . . . . . Robots Rewired . | . . . . . . Allies Hacked . | . . . . . . Hacks Repelled . | . . . . . . Allies | -11 -10 -10 -10 -9 -8 -------- Run | Jun Mat Min Exi Min Mat Total Allies 7 | . 1 6 . . . Largest Group 5 | . 1 5 5 3 . Highest-Rated Group 89 | . 9 89 89 40 . Highest-Rated Ally 31 | . 9 31 31 16 . Total Orders . | . . . . . . Ally Attacks 43 | . . 18 . 25 . Total Damage 451 | . . 195 . 256 . Kills 9 | . . 6 . 3 . Allies Corrupted . | . . . . . . Allies Melted . | . . . . . . Intel | -11 -10 -10 -10 -9 -8 ------- Run | Jun Mat Min Exi Min Mat Robot Analysis Total 2 | . 2 . . . . Derelict Logs Recovered 1 | . . . . 1 . Drone Launches . | . . . . . . Drone Recoveries . | . . . . . . Exploration | -11 -10 -10 -10 -9 -8 ------------- Run | Jun Mat Min Exi Min Mat Turns Passed 10879 | 18 2453 2389 520 1577 3922 Spaces Moved 3153 | 9 670 605 324 809 736 Core 7 | . . . . . 7 Treads 2996 | 9 670 605 324 809 579 Legs 147 | . . . . . 147 Wheels . | . . . . . . Hover . | . . . . . . Flight 3 | . . . . . 3 Fastest Speed 160 | 160 160 160 160 160 160 Average Speed 162 | 160 160 160 160 160 169 Slowest Speed 440 | 160 160 160 160 160 440 Overloaded Moves . | . . . . . . Propulsion Burnouts . | . . . . . . Robots Hopped . | . . . . . . Cave-ins Triggered . | . . . . . . Exploration Rate (%) 71 | 2 99 94 79 101 51 Regions Visited 5 Branch Regions 3 Pre-discovered Areas 2 | . . . 1 1 . Known Exits Taken . | . . . . . . Unknown Exits Taken 5 | 1 1 1 1 1 . Scrap Searched 3 | . . 2 . 1 . Spaces Dug 3 | . 3 . . . . Terrain Destroyed 12 | . 3 . . . 9 Melee 3 | . 3 . . . . Projectile 9 | . . . . . 9 AOE . | . . . . . . Terrain Rammed . | . . . . . . Walls Destroyed . | . . . . . . Machines Disabled . | . . . . . . Actions | -11 -10 -10 -10 -9 -8 --------- Run | Jun Mat Min Exi Min Mat Total 8502 | 11 1956 2020 326 1031 3158 Wait 5044 | . 1207 1413 3 185 2236 Move 3148 | 8 669 604 323 808 736 Hop . | . . . . . . Pick Up 22 | . 9 . . . 13 Fast Attach 10 | . 3 . . . 7 Attach 12 | . . . . . 12 Detach 3 | . 1 . . . 2 Swap 28 | 3 8 . . 1 16 Drop 15 | . 10 . . 1 4 Fire 164 | . 42 3 . 28 91 Melee 43 | . 6 . . . 37 Ram . | . . . . . . Kick 3 | . . . . . 3 Crush 10 | . 1 . . 8 1 Escape Stasis . | . . . . . . Rewire . | . . . . . . Trap . | . . . . . . Miscellaneous . | . . . . . . Route ------- -11/Junkyard -10/Materials (discovered 5 exits: [*Mat x3] / [*Min] / [*Sub]) -10/Mines (discovered 4 exits: [*Mat x2] / *Exi / [*Sub]) -10/Exiles (discovered 2 exits: [*Min x2]) -9/Mines (discovered 2 exits: *Mat x2) -8/Materials (discovered 1 exit: [*Fac]) History --------- Turn | Location | Event 6 | -11/Junkyard | Discovered new exit (range 2) 19 | -11/Junkyard | Entered Materials 211 | -10/Materials | Discovered new exit (range 15) 316 | -10/Materials | Build established: Mutant 683 | -10/Materials | Repaired Med. Laser 694 | -10/Materials | Discovered new exit (range 3) 1114 | -10/Materials | Discovered new exit (range 12) 1392 | -10/Materials | Discovered new exit (range 11) 1728 | -10/Materials | Discovered new exit (range 13) 2472 | -10/Materials | Entered Mines 2473 | -10/Mines | Assembled infested the area 2475 | -10/Mines | Received a Mining Laser from a helpful Derelict 4017 | -10/Mines | Assisted by bots powering up and referring to "LRC-V3" 4410 | -10/Mines | Deemed a non-threat by the Exiles lab entrance 4509 | -10/Mines | Discovered new exit (range 11) 4575 | -10/Mines | Discovered new exit (range 9) 4611 | -10/Mines | Discovered new exit (range 13) 4850 | -10/Mines | Discovered new exit (range 5) 4861 | -10/Mines | Entered Exiles 4861 | -10/Exiles | Accompanied by 5 allies 4889 | -10/Exiles | Discovered new exit (range 14) 4891 | -10/Exiles | Led the pair of lost Derelicts to a safe place 4922 | -10/Exiles | Met 8R-AWN 4943 | -10/Exiles | Met EX-HEX 4997 | -10/Exiles | Met EX-BIN 5017 | -10/Exiles | Met EX-DEC 5025 | -10/Exiles | Learned location of Zion (-6) 5090 | -10/Exiles | Visited The Gauntlet 5357 | -10/Exiles | Discovered new exit (range 14) 5381 | -10/Exiles | Entered Mines 5381 | -9/Mines | Accompanied by 3 allies 5550 | -9/Mines | Received a Rocket Launcher from a helpful Derelict 5837 | -9/Mines | Discovered new exit (range 10) 6415 | -9/Mines | Discovered new exit (range 5) 6958 | -9/Mines | Entered Materials 6958 | -8/Materials | Evolved 4 slots: Propulsion x1, Utility x3 8854 | -8/Materials | Lost 3 parts (1u2w) 10004 | -8/Materials | Lost 3 parts (2n1u) 10088 | -8/Materials | Repaired Aluminum Leg 10179 | -8/Materials | Build established: Hacker-Mutant 10596 | -8/Materials | Build established: Scavenger-Mutant 10731 | -8/Materials | Discovered new exit (range 13) 10774 | -8/Materials | Core integrity fell below 50% 10811 | -8/Materials | Lost 6 parts (1p3n2w) 10858 | -8/Materials | Core integrity fell below 20% 10880 | -8/Materials | Self-destructed Last Messages --------------- 10813_ K-01 Serf collects debris. 10814_ Imp. Heat Sink destroyed. 10817_ K-01 Serf collects debris. 10818_ S-10 Pest destroyed. 10820_ K-01 Serf collects debris. 10820_ Acquired 10 matter. 10823_ K-01 Serf collects debris. 10836_ Acquired Flight Unit. 10837_ K-01 Serf collects debris. 10842_ Sneak attack on K-01 Serf. 10842_ Destroyed Lgt. Ion Engine. 10845_ R-06 Scavenger collects Hvy. Laser. 10849_ R-06 Scavenger collects Lgt. Ion Engine. 10849_ Acquired 10 matter. 10849_ Flight Unit destroyed. 10852_ R-06 Scavenger collects Lgt. Assault Rifle. 10855_ Hacking Suite destroyed. 10857_ R-06 Scavenger collects Lgt. Ion Engine. 10873_ Scythe destroyed. 10878_ G-47 Trooper destroyed. Map ----- +----------------------------------------------------+ | ?????????????????????????????????????????????????# | | ?????????????????????????????????????????????????# | | ?????????????????????????????????????????????????# | | ?????????????????????????????????????????????????# | | ?????????????????????????????????????????????????# | | ?????????????????????????????????????????????????# | | ?????????????????????????????????????????????????# | | ??????????????????????????????????????????######## | | ??????????????????????????????????????????# | | ????????????????????#####?????????????????# "" | | ????????????????????# #?????????????????#! "" | | ????????????????????# < #?????????????????# "" | | ????????############# #?????????????????#"" ] "" | | ?????/### +?????????#########"Y | | ????? #?????????# [ ##"" | | ?????? [[ #?????????# ## | | ?????? "" [[ #?????????# [! ######### | | ??????"G [[ = #?????????# [/ #???????? | | ?????? "" ########### #???????? | | ??? # #?? ????????? | | ??? ""T"" # """ #####+########### | | ??? """ """"" *# """ + | | ????????"" %+% """ ### | | ????????"" %# [ #?# """"""" | | ?????? #########+## """ #?# """"""" | | ?????? ? ??# #@ """ #?# """"""" | | ??????????????# #% """ #?# """"""" | | ??????????????# # #?# """"""% | | ??????????????# ##########?# | | ??????????????###########??????????# ]/ | | ???????????????????????????????????# | | ???????????????????????????????????# #### | | ????????????????????????????????? + # | | ??????????????????????????#+??????## #"" | | ??????????????????????????# ???????# ##"" | | ??????????????????????????# ???????# ##### ##""" | | ??????????????????????????# ???????# #???# ## | | ???# ? "??????##########??# ???????# #???# ## | | ???# """????# #??# ######## #???# ## | | ???# ??# ! #??# ## #???# ##### | | ???# # #??# T# #####+## | | ???# / """ #?## ## # # | | ???# # """"" #??# ## # """ # [ | | ???# ??#= """"" #??# ## # """ # | | ???# #####????# """"" #?## + """ # " | | ??????????????# """ #### ####### # "R | | ??????????????# + % #?????# # "" | | ??????????????############# #?????########### | | ??????????????????????????# %##??????????????? | | ??????????????????????????# #??????????????? | +----------------------------------------------------+ Best States ------------- Heat Dissipation 45 Energy Generation 12 Energy Capacity 265 Matter Stores 300 Matter Capacity 300 Sight Range 18 Terrain Scan Density 10 Armor Coverage 300 Weapon Shielding 33 Evasion (%) 40 Targeting Accuracy 6 Recoil Reduction 3 Offensive Hacking 20 Item Schematics ----------------- None Robot Schematics ------------------ None Fabricated ------------ Nothing Alien Tech Used ----------------- None Achievements -------------- None Challenges ------------ None Game ------ Seed DecoyPrecisionBoosters Manual? 0 Play Time 00:36:36 Cumulative 47.3 hours Start 2023.07.10 @ 14:46:08 End 2023.07.10 @ 15:22:06 Sessions 1 Manual Loads 0 Difficulty Rogue Special Mode None Game No. 45 Rogue 45 Adventurer 0 Explorer 0 Win Type - Total 0 Types 0/0/0/0/0/0/0/0/0 Lore% 31 Gallery% 34 Achievement% 52 Wizard Run 0 Options --------- ASCII 1 Keyboard 1 Movement Arrows Keybinds 0 Fullscreen 2 Font 24/Proggy Map View 76x50 Tactical HUD 1 Map Filters NONE Filters NONE Steam 1 RUN: 7a9c06a5-e290-4af6-a818-3fa911e9963d